 Dungeon Crawl Stone Soup version 0.32-a0-586-gd5c3ca0 (webtiles) character file.

Game seed: 16655576341953959126

4 skewfiend the Caller (level 1, -3/10 HPs)
             Began as a Deep Elf Summoner on Mar 2, 2024.
             Frozen to death by an endoplasm (5 damage)
             ... on level 1 of the Dungeon.
             The game lasted 00:01:23 (88 turns).

skewfiend the Caller (Deep Elf Summoner)              Turns: 88, Time: 00:01:24

Health: -3/10      AC:  2    Str:  5    XL:     1   Next: 50%
Magic:  6/6        EV: 12    Int: 19    God:
Gold:   13         SH:  0    Dex: 15    Spells: 5/6 levels left

rFire   . . .        d - +0 mace
rCold   . . .        (no shield)
rNeg    . . .        a - +0 robe
rPois   .            (no helmet)
rElec   .            (no cloak)
rCorr   .            (no gloves)
SInv    .            (no boots)
Will    .....        (no amulet)
Stlth   ++           (no ring)
HPRegen 0.21/turn    (no ring)
MPRegen 0.10/turn

%: no passive effects
@: no status effects
A: no striking features
a: no special abilities


You were on level 1 of the Dungeon.
You visited 1 branch of the dungeon, and saw 1 of its levels.

You collected 13 gold pieces.

Inventory:

Hand Weapons
 d - a +0 mace (weapon)
Armour
 a - a +0 robe (worn)
Scrolls
 c - a scroll of summoning {unknown}
Potions
 b - a potion of magic


   Skills:
 + Level 0.2 Fighting
 - Level 2.4 Dodging
 - Level 2.4 Stealth
 + Level 3.1 Spellcasting
 * Level 4.5 Summonings


You had 5 spell levels left.
You knew the following spells:

 Your Spells              Type           Power      Damage    Failure   Level
a - Summon Small Mammal   Summ           80%        N/A       2%          1

Your spell library contained the following spells:

 Spells                   Type           Power      Damage    Failure   Level
 Call Imp                 Summ           40%        N/A       3%          2
 Call Canine Familiar     Summ           20%        N/A       7%          3
 Summon Blazeheart Golem  Fire/Summ      11%        N/A       52%         4
 Summon Lightning Spire   Summ/Air       11%        N/A       52%         4


Dungeon Overview and Level Annotations

Branches:
Dungeon (1/15)

Altars:


Message History

d - a +0 mace (weapon)
HP restored.
A rat comes into view.
A goblin comes into view. It is wielding a +0 dagger.
Found a metallic cyan potion.
Your quokka barely misses the goblin.
Your quokka bites the goblin.
The goblin dies!
The rat closely misses your quokka.
Your quokka closely misses the rat.
Unknown command.
The rat barely misses your quokka.
Your rat bites the rat.
Your quokka barely misses the rat.
Unknown command.
Found 5 gold pieces.
The rat barely misses your quokka.
Your rat barely misses the rat.
Your quokka closely misses the rat.
You see here a +0 dagger.
Unknown command.
Your quokka barely misses the rat.
The rat barely misses your quokka.
Your rat closely misses the rat.
Unknown command.
Your quokka barely misses the rat.
The rat closely misses your quokka.
Your rat bites the rat.
The rat dies!
An endoplasm comes into view.
You see here a metallic cyan potion.
The endoplasm hits you.
You hit the endoplasm but do no damage.
Your quokka disappears in a puff of smoke!
The endoplasm freezes you.
You are frozen.
You hit the endoplasm.
The endoplasm is almost dead.
Your rat disappears in a puff of smoke!
The endoplasm freezes you.
You are frozen.
* * * LOW HITPOINT WARNING * * *
The endoplasm freezes you.
You are frozen.
Ouch! That really hurt!
You die...

#.. #..#.....# ....
#.. #....##..###....#
#..###.######.....#
#.................##$
#..###.######.###....#
#. #.......).......#
#..#######.....##.##.#
#........#.....## #
#....J@.!.......#
#.....ยง.........#
#...............#
#.####...###....... #
##### #.......
#........ ##.......
######


You could see an endoplasm.

Vanquished Creatures
  A rat (D:1)
1 creature vanquished.

Vanquished Creatures (collateral kills)
  A goblin (D:1)
  A hobgoblin (D:1)
  A rat (D:1)
3 creatures vanquished.

Grand Total: 4 creatures vanquished

Notes
Turn   | Place    | Note
-------+----------+-------------------------------------------
     0 | D:1      | skewfiend the Deep Elf Summoner began the quest for the
                  | Orb.
     0 | D:1      | Reached XP level 1. HP: 10/10 MP: 6/6
    88 | D:1      | Frozen to death by an endoplasm

Illustrated notes

Levels and vault maps discovered:
D:1:      spicycebolla_green_bress_n_ham_2, layout_basic

Action                     || total
---------------------------++-------
  Melee: Unarmed           ||     4
         Mace              ||     2
   Cast: Summon Small Mamm ||     4
 Armour: Robe              ||     2
  Dodge: Dodged            ||     4

Table legend: (Time is in decaauts)
 A = Elapsed time spent in this place.
 B = Non-inter-level travel time spent in this place.
 C = Inter-level travel time spent in this place.
 D = Time resting spent in this place.
 E = Time spent auto-exploring this place.
 F = Levels seen in this place.
 G = Mean time per level.
                   A        B        C        D        E       F      G
               +--------+--------+--------+--------+--------+-----+--------+
         Total |     87 |     87 |      0 |      0 |     38 |   1 |   87.0 |
       Dungeon |     87 |     87 |      0 |      0 |     38 |   1 |   87.0 |
               +--------+--------+--------+--------+--------+-----+--------+

Top non-repeatable levels by time:
     D:1: 87 daAuts
